 Dungeon Crawl Stone Soup version 0.24-a0-201-gf205589 (webtiles) character file.

Game seed: 3543391638432022076

3930 EazyBreezy the Carver (level 10, 0/83 HPs)
             Began as a Demonspawn Gladiator on Mar 25, 2019.
             Was a Believer of Yredelemnul.
             Slain by a hornet (4 damage)
             ... on level 8 of the Dungeon.
             The game lasted 00:24:05 (8090 turns).

EazyBreezy the Carver (Demonspawn Gladiator)        Turns: 8090, Time: 00:24:08

Health: 0/83       AC: 11    Str: 19    XL:     10   Next: 1%
Magic:  12/12      EV: 15    Int: 11    God:    Yredelemnul [**....]
Gold:   455        SH:  6    Dex: 17    Spells: 9/9 levels left

rFire    . . .     SeeInvis .   A - +0 great sword
rCold    . . .     Gourm    .   (shield currently unavailable)
rNeg     . . .     Faith    .   b - +3 leather armour
rPois    .         Spirit   .   (helmet restricted)
rElec    .         Reflect  .   (no cloak)
rCorr    .         Harm     .   (no gloves)
MR       +....                  (no boots)
Stlth    +++.......             (no amulet)
HPRegen  0.23/turn              j - +5 ring of protection
MPRegen  0.13/turn              c - ring of protection from magic

@: mighty, injury mirror, slowed, very slow
A: claws 1, horns 1, large bone plates 2, demonic guardian 1, robust 1, rot
immunity
a: Animate Remains, Recall Undead Slaves, Injury Mirror, Renounce Religion


You were on level 8 of the Dungeon.
You worshipped Yredelemnul.
Yredelemnul was pleased with you.
You were not hungry.

You visited 2 branches of the dungeon, and saw 9 of its levels.

You collected 455 gold pieces.

Inventory:

Hand Weapons
 a - a +2 long sword
 A - a +0 great sword (weapon)
Missiles
 d - 4 throwing nets (quivered)
 y - 95 stones
Armour
 b - a +3 leather armour (worn)
 l - a +0 pair of gloves
Jewellery
 c - a ring of protection from magic (right claw)
 j - a +5 ring of protection (left claw)
 r - a +3 ring of evasion
 s - a +3 ring of protection
 w - an uncursed ring of magical power
 z - a +3 ring of evasion
Wands
 m - a wand of disintegration (21)
 B - a wand of polymorph (13)
Scrolls
 e - 2 scrolls of enchant armour
 h - a scroll of amnesia
 p - 2 scrolls of remove curse
 t - a scroll of blinking
 u - a scroll of fear
 C - 2 scrolls of identify
Potions
 g - a potion of curing
 i - 2 potions of ambrosia
 k - a potion of heal wounds
 n - 4 potions of lignification
 o - 2 potions of might
 q - a potion of flight {unknown}
 v - a potion of agility
 x - 2 potions of resistance {unknown}
Comestibles
 f - 13 rations


   Skills:
 * Level 5.7 Fighting
 * Level 9.4 Long Blades
 - Level 1.7 Throwing
 * Level 4.2 Armour
 * Level 5.3 Dodging
 * Level 4.3 Stealth
 * Level 3.1 Invocations
 * Level 2.2 Evocations


You had 9 spell levels left.
You didn't know any spells.
Your spell library contained the following spells:

 Spells                   Type           Power        Failure   Level  Hunger
 Summon Small Mammal      Summ           #...         38%         1    ##.....
 Call Imp                 Summ           #.......     52%         2    ###....
 Call Canine Familiar     Summ           #.......     77%         3    ####...
 Summon Guardian Golem    Hex/Summ       #.......     77%         3    ####...
 Summon Ice Beast         Ice/Summ       #.......     99%         4    #####..
 Summon Lightning Spire   Summ/Air       #.......     99%         4    #####..


Dungeon Overview and Level Annotations

Branches:
Dungeon (8/15)             Temple (1/1) D:5
   Lair: D:8-11

Altars:
Ashenzari
Cheibriados
Dithmenos
Elyvilon
Fedhas
Gozag
Hepliaklqana
Kikubaaqudgha
Makhleb
Nemelex Xobeh
Okawaru
Qazlal
Ru
Sif Muna
Trog
Uskayaw
Vehumet
Wu Jian
Xom
Yredelemnul
Zin
The Shining One


Innate Abilities, Weirdness & Mutations

You have sharp fingernails.
You are mostly covered in large bone plates. (SH +6)
A weak demonic guardian rushes to your aid.
You are immune to rotting.
You have a pair of small horns on your head.
You are robust. (+10% HP)


Message History

The hornet stings you but does no damage.
You feel very mighty all of a sudden. The hornet stings you!
* * * LOW HITPOINT WARNING * * *
You feel as though you will be slow longer.
The hornet barely misses you.
You riposte.
You slice the hornet!!
You kill the hornet!
Yredelemnul accepts your kill.
You have reached level 10!
You offer yourself to Yredelemnul, and are filled with unholy energy.
The worm completely misses you.
You riposte.
You hit the worm. Your headbutt misses the worm.
The worm is moderately wounded.
You slice the worm!!
You kill the worm!
Yredelemnul accepts your kill.
The hornet stings you but does no damage.
The hornet stings you.
You die...
Your body rises from the dead as a mindless zombie.

#........ ## ##
###.#####
#y#.#########.#####
##y#.##..........#
#.#†###..........#
##.#.##.....(....#
#w#.###..........#
#####y##...........#
#...@#......[......#
#.#....#...........#
###.#######.#####.####
#.........#..# #.#
#.....###.##.## #.#
#.....# #..# #.#
#.....# ##.###.#
#.....# #.# #..##.#
#.....# #.# ##.##.#


You could see a hornet.

Vanquished Creatures
  Harold (D:8)
  A hornet (D:8)
  A water moccasin (D:7)
  An orc warrior (D:8)
  A sky beast (D:5)
  2 phantoms
  An ogre (D:2)
  3 centaurs
  A big kobold (D:8)
  A bullfrog (D:8)
  2 scorpions
  3 killer bees (D:8)
  9 wights
  2 howler monkeys
  3 crimson imps
  7 hounds
  4 orc wizards
  2 jellies (D:6)
  4 orc priests
  A centaur skeleton (D:6)
  2 bullfrog skeletons
  3 iguanas
  9 worker ants
  A killer bee zombie (D:8)
  A hound zombie (D:8)
  3 hound skeletons
  2 worker ant zombies
  3 gnolls (D:5)
  8 adders
  2 adder zombies (D:5)
  7 worms
  3 dart slugs
  4 leopard geckos
  17 orcs
  5 bats
  3 giant cockroaches
  4 goblins
  11 hobgoblins
  2 jackals (D:4)
  4 quokkas
  6 ball pythons
  8 frilled lizards
  8 kobolds
  4 rats
170 creatures vanquished.

Vanquished Creatures (collateral kills)
  A hungry ghost (D:7)
  An ice beast (D:5)
  A wight (D:7)
  An orc wizard (D:8)
  A worker ant (D:5)
  An ooze (D:7)
  A bat (D:3)
  A kobold (D:8)
8 creatures vanquished.

Vanquished Creatures (others)
  An orc wizard (D:8)
1 creature vanquished.

Grand Total: 179 creatures vanquished

Notes
Turn   | Place    | Note
-------+----------+-------------------------------------------
     0 | D:1      | EazyBreezy the Demonspawn Gladiator began the quest for the
                  | Orb.
     0 | D:1      | Reached XP level 1. HP: 16/16 MP: 1/1
   101 | D:1      | Gained mutation: You are partially covered in large bone
                  | plates. (SH +4) [demonic ancestry]
   101 | D:1      | Reached XP level 2. HP: 4/22 MP: 2/2
   356 | D:1      | Reached skill level 3 in Long Blades
  1000 | D:2      | Gained mutation: You are immune to rotting. [demonic
                  | ancestry]
  1000 | D:2      | Reached XP level 3. HP: 26/27 MP: 3/3
  1018 | D:2      | Noticed an ogre
  1381 | D:2      | Killed an ogre
  1381 | D:2      | Reached skill level 1 in Armour
  1381 | D:2      | Reached skill level 1 in Stealth
  1381 | D:2      | Gained mutation: A weak demonic guardian rushes to your
                  | aid. [demonic ancestry]
  1381 | D:2      | Reached XP level 4. HP: 19/34 MP: 4/4
  1623 | D:2      | Reached XP level 5. HP: 36/39 MP: 5/5
  2353 | D:3      | Reached skill level 4 in Long Blades
  2818 | D:4      | Gained mutation: You have sharp fingernails. [demonic
                  | ancestry]
  2818 | D:4      | Reached XP level 6. HP: 45/46 MP: 6/6
  2945 | D:4      | Found a stormy altar of Qazlal.
  3381 | D:4      | Gained mutation: You have a pair of small horns on your
                  | head. [potion of mutation]
  3381 | D:4      | Gained mutation: You are robust. (+10% HP) [potion of
                  | mutation]
  3384 | D:5      | Entered Level 5 of the Dungeon
  3488 | D:5      | Noticed a sky beast
  3496 | D:5      | Killed a sky beast
  3496 | D:5      | Reached skill level 5 in Long Blades
  3501 | D:5      | Gained mutation: You are mostly covered in large bone
                  | plates. (SH +6) [demonic ancestry]
  3501 | D:5      | Reached XP level 7. HP: 55/57 MP: 7/7
  3532 | D:5      | Found a staircase to the Ecumenical Temple.
  3538 | Temple   | Entered the Ecumenical Temple
  3787 | Temple   | Became a worshipper of Yredelemnul the Dark
  4172 | D:5      | Reached skill level 6 in Long Blades
  4546 | D:6      | Found a glowing silver altar of Zin.
  4547 | D:6      | Found an ancient bone altar of Kikubaaqudgha.
  4568 | D:6      | Reached XP level 8. HP: 57/66 MP: 8/8
  4915 | D:6      | Found an opulent altar of Gozag.
  5075 | D:6      | Reached * piety under Yredelemnul
  5115 | D:6      | Reached skill level 7 in Long Blades
  5372 | D:7      | Found a bloodstained altar of Trog.
  6396 | D:7      | Reached XP level 9. HP: 57/73 MP: 9/9
  6679 | D:8      | Reached skill level 8 in Long Blades
  6688 | D:8      | Reached skill level 1 in Invocations
  6751 | D:8      | Reached ** piety under Yredelemnul
  6776 | D:8      | Reached skill level 5 in Fighting
  6776 | D:8      | Reached skill level 1 in Evocations
  6999 | D:8      | Noticed Harold
  7029 | D:8      | Killed Harold
  7029 | D:8      | Reached skill level 5 in Dodging
  7275 | D:8      | Reached skill level 9 in Long Blades
  7509 | D:8      | Paralysed by a hornet for 2 turns
  8078 | D:8      | Paralysed by a hornet for 2 turns
  8084 | D:8      | Paralysed by a hornet for 3 turns
  8088 | D:8      | HP: 3/75 [hornet (16)]
  8088 | D:8      | Reached XP level 10. HP: 4/83 MP: 12/12
  8090 | D:8      | Slain by a hornet

Levels and vault maps discovered:
D:1:      dpeg_arrival_shrine, layout_basic
D:2:      layout_loops_cross
D:3:      layout_basic
D:4:      layout_basic, nicolae_overflow_crystal_walls, first_ration, hex_large
D:5:      layout_cave_pods, minmay_temple_entry_hall
D:6:      layout_basic, gammafunk_temple_overflow_forgotten,
          minmay_misc_feat_pillars
D:7:      wad_pebble_path, layout_loops_ring, trog_three_pillars_becter
D:8:      layout_basic, hangedman_pestilent_swarm, st_stairs_13,
          interstate_on_off, kennysheep_kite_vault, uniq_harold
Temple:   dpeg_five_rooms_temple

Skill      XL: |  1  2  3  4  5  6  7  8  9 |
---------------+----------------------------+-----
Long Blades    | 3 4 5 6 7 9 |  9.4
Dodging        | 3 4 5 |  5.3
Armour         | 1 2 3 4 |  4.2
Stealth        | 1 2 3 4 |  4.3
Fighting       | 3 4 5 |  5.7
Invocations    | 3 |  3.1
Evocations     | 2 |  2.2
Throwing       | |  1.7

Action                   |  1- 3 |  4- 6 |  7- 9 | 10-12 || total
-------------------------+-------+-------+-------+-------++-------
Melee: Long sword        |    61 |   175 |   164 |       ||   400
       Headbutt          |       |     6 |    74 |       ||    80
       Great sword       |       |       |   158 |     1 ||   159
Invok: Injury Mirror     |       |       |       |     1 ||     1
  Use: Scroll            |     6 |    14 |     7 |       ||    27
       Potion            |       |     1 |     6 |       ||     7
 Stab: Sleeping          |     1 |     1 |    10 |       ||    12
       Distracted        |       |       |     1 |       ||     1
  Eat: Ration            |     1 |     2 |     4 |       ||     7
Armor: Leather armour    |    15 |    56 |    83 |     1 ||   155
Dodge: Dodged            |    44 |   125 |   239 |     1 ||   409
Block: Other             |    10 |    40 |   101 |       ||   151
       Rpst.: Long sword |    10 |    42 |    35 |       ||    87
       Great sword       |       |       |    35 |     1 ||    36

Table legend:
 A = Non-vault XP
 B = Vault XP
 C = Vault XP percentage of total XP
 D = Non-vault monster count
 E = Vault monster count
 F = Vault count percentage of total count
                 A         B        C        D         E       F
            +---------+---------+-------+---------+---------+-------
      Total |    4246 |    1369 |  24.4 |     173 |       5 |   2.8
            +---------+---------+-------+---------+---------+-------
        D:1 |      29 |       0 |   0.0 |      14 |       0 |   0.0
        D:2 |     195 |       0 |   0.0 |      20 |       0 |   0.0
        D:3 |     102 |       0 |   0.0 |      24 |       0 |   0.0
        D:4 |     239 |       0 |   0.0 |      18 |       0 |   0.0
        D:5 |     814 |       0 |   0.0 |      22 |       0 |   0.0
        D:6 |     565 |       0 |   0.0 |      21 |       0 |   0.0
        D:7 |     917 |       0 |   0.0 |      17 |       0 |   0.0
        D:8 |    1385 |    1369 |  49.7 |      37 |       5 |  11.9
            +---------+---------+-------+---------+---------+-------
